 Dungeon Sprint DCSS version 0.27.1 (webtiles) character file.

Game seed: 5020310250142122289

778 styxcanada the Unseen (level 7, -5/38 HPs)
             Began as a Spriggan Brigand on Aug 22, 2021.
             Was an Initiate of Gozag.
             Killed from afar by a burning bush (7 damage)
             ... with a puff of flame
             ... in the Dungeon (Sprint IV: "Fedhas' Mad Dash").
             The game lasted 00:03:25 (561 turns).

styxcanada the Unseen (Spriggan Brigand)             Turns: 561, Time: 00:03:26

Health: -5/38      AC:  4    Str: 14    XL:     7   Next: 54%
Magic:  8/8        EV: 22    Int: 10    God:    Gozag
Gold:   45         SH:  0    Dex: 18    Spells: 6/6 levels left

rFire    + . .     SeeInvis +   a - +2 dagger
rCold    . . .     Faith    .   (shield restricted)
rNeg     . . .     Spirit   .   n - +1 robe of Enosuyh {rF+ rCorr Str+7 Int-3}
rPois    .         Reflect  .   (helmet restricted)
rElec    .         Harm     .   c - +0 cloak
rCorr    +         Rampage  .   (gloves unavailable)
Will     +....     NoTele   +   (boots unavailable)
Stlth    +++++++...             l - amulet of invisibility {+Inv}
HPRegen  0.12/turn              (no ring)
MPRegen  0.11/turn              (no ring)

@: very quick
A: very small, no large weapons, unfitting armour, see invisible, speed 3
a: Renounce Religion, Evoke Invisibility, Potion Petition, Call Merchant, Bribe
Branch


You were in the Dungeon.
You worshipped Gozag.
Gozag was noncommittal.
You visited 1 branch You collected 415 gold pieces.
You spent 370 gold pieces at shops.

Inventory:

Hand Weapons
 a - a +2 dagger (weapon)
Missiles
 d - 7 poisoned darts (quivered)
 e - 2 curare-tipped darts
Armour
 b - a +0 robe
 c - a +0 cloak (worn)
 n - the +1 robe of Enosuyh (worn) {rF+ rCorr Str+7 Int-3}
   (You bought it in a shop in the Dungeon)

   Str:       It affects your strength (+7).
   Int:       It affects your intelligence (-3).
   rF:        It protects you from fire.
   rCorr:     It protects you from acid and corrosion.
Jewellery
 l - the amulet of invisibility (around neck) {+Inv}
   (You found it in the Dungeon)

   [amulet of nothing]

   +Inv:      It lets you turn invisible.
Scrolls
 k - a scroll of blinking
Potions
 f - a potion of curing
 h - a potion of haste
 i - 2 potions of magic
 j - a potion of berserk rage
 m - 2 potions of might {unknown}


   Skills:
 * Level 4.8 Fighting
 + Level 4.5 Short Blades
 + Level 4.8 Throwing
 * Level 7.9 Dodging
 * Level 18.8 Stealth
 + Level 4.8 Evocations


You had 6 spell levels left.
You didn't know any spells.
Your spell library was empty.

Dungeon Overview and Level Annotations

Branches:
Dungeon (1/1)

Altars:
Cheibriados
Dithmenos
Elyvilon
Gozag
Hepliaklqana
Kikubaaqudgha
Makhleb
Nemelex Xobeh
Okawaru
Qazlal
Ru
Sif Muna
Trog
Uskayaw
Vehumet
Wu Jian
Xom
Yredelemnul
Zin
The Shining One
Beogh
Jiyva
Lugonu

Shops:
D [(


Innate Abilities, Weirdness & Mutations

You are very small and have problems with some larger weapons.
You are too small for most types of armour.
You have supernaturally acute eyesight. (SInv)
You cover ground extremely quickly. (Speed+++)


Message History

The burning bush throws fire at you. The puff of flame misses you.
You hit the burning bush but do no damage.
The burning bush is almost destroyed.
You hit the burning bush but do no damage.
The burning bush is almost destroyed.
The burning bush throws fire at you. The puff of flame misses you.
You hit the burning bush but do no damage.
The burning bush is almost destroyed.
You hit the burning bush.
The burning bush is almost destroyed.
You hit the burning bush but do no damage.
The burning bush is almost destroyed.
You hit the burning bush but do no damage.
The burning bush is almost destroyed.
The burning bush throws fire at you. The puff of flame misses you.
You hit the burning bush but do no damage.
The burning bush is almost destroyed.
You hit the burning bush.
The burning bush is almost destroyed.
You hit the burning bush but do no damage.
The burning bush is almost destroyed.
You hit the burning bush but do no damage.
The burning bush is almost destroyed.
The burning bush throws fire at you. The puff of flame misses you.
You hit the burning bush but do no damage.
The burning bush is almost destroyed.
The burning bush throws fire at you. The puff of flame misses you.
You hit the burning bush.
The burning bush is almost destroyed.
You hit the burning bush but do no damage.
The burning bush is almost destroyed.
The burning bush throws fire at you. The puff of flame hits you! You resist.
You die...
Your body crumbles into a pile of gold.

###################
_._.⌠.#..'.))#.$..#
._._..'..#...#.$@P+
_._...#..###'##.$$#
$$
._._..#..##∩∩.'..$#
_._.⌠.#############
####### $ $


You could see a burning bush.

Vanquished Creatures
  2 wandering mushrooms (D)
  3 scorpions (D)
  3 oklob saplings (D)
  2 spriggans (D)
  A river rat (D)
  A rat (D)
12 creatures vanquished.

Notes
Turn   | Place    | Note
-------+----------+-------------------------------------------
     0 | D        | styxcanada the Spriggan Brigand began the quest for the
                  | Orb.
     0 | D        | Reached XP level 1. HP: 10/10 MP: 2/2
    18 | D        | Reached skill level 7 in Stealth
    18 | D        | Reached XP level 2. HP: 5/15 MP: 3/3
   239 | D        | Noticed an oklob sapling
   241 | D        | Killed an oklob sapling
   242 | D        | Reached skill level 9 in Stealth
   242 | D        | Reached XP level 3. HP: 18/18 MP: 4/4
   243 | D        | Noticed a scorpion
   243 | D        | Found the amulet of invisibility {+Inv}
   245 | D        | Killed a scorpion
   246 | D        | Reached skill level 12 in Stealth
   246 | D        | Reached XP level 4. HP: 23/23 MP: 5/5
   272 | D        | Found an opulent altar of Gozag.
   272 | D        | Found a hazy altar of Hepliaklqana.
   272 | D        | Found a burning altar of Makhleb.
   272 | D        | Found a sparkling altar of Nemelex Xobeh.
   272 | D        | Found a snail-covered altar of Cheibriados.
   272 | D        | Found a sacrificial altar of Ru.
   272 | D        | Found a shimmering blue altar of Sif Muna.
   272 | D        | Found a shimmering altar of Xom.
   272 | D        | Found a basalt altar of Yredelemnul.
   273 | D        | Found a viscous altar of Jiyva.
   273 | D        | Found a bloodstained altar of Trog.
   273 | D        | Found an ornate altar of the Wu Jian Council.
   274 | D        | Found an iron altar of Okawaru.
   274 | D        | Found a shadowy altar of Dithmenos.
   274 | D        | Found a glowing silver altar of Zin.
   275 | D        | Found an ancient bone altar of Kikubaaqudgha.
   275 | D        | Found a hide-covered altar of Uskayaw.
   276 | D        | Found a stormy altar of Qazlal.
   276 | D        | Found a white marble altar of Elyvilon.
   276 | D        | Found a glowing golden altar of the Shining One.
   277 | D        | Became a worshipper of Gozag Ym Sagoz the Greedy
   278 | D        | Found a corrupted altar of Lugonu.
   278 | D        | Found a radiant altar of Vehumet.
   282 | D        | Reached skill level 13 in Stealth
   282 | D        | Reached XP level 5. HP: 28/28 MP: 3/6
   338 | D        | Reached skill level 5 in Dodging
   338 | D        | Reached skill level 14 in Stealth
   338 | D        | Reached skill level 1 in Evocations
   401 | D        | Reached skill level 15 in Stealth
   403 | D        | Reached XP level 6. HP: 33/33 MP: 4/7
   436 | D        | Found Lyesay's Antique Weapon Shop.
   436 | D        | Found Jiruhouk's Armour Emporium.
   442 | D        | Bought the +1 robe of Enosuyh {rF+ rCorr Str+7 Int-3} for
                  | 370 gold pieces
   461 | D        | Noticed a burning bush
   461 | D        | Noticed a wandering mushroom
   462 | D        | Noticed a wandering mushroom
   466 | D        | Killed a wandering mushroom
   467 | D        | Reached skill level 17 in Stealth
   467 | D        | Killed a wandering mushroom
   468 | D        | Reached skill level 18 in Stealth
   468 | D        | Reached XP level 7. HP: 31/38 MP: 5/8
   545 | D        | HP: 1/38 [burning bush/puff of flame (3)]
   561 | D        | Killed from afar by a burning bush

Illustrated notes

Levels and vault maps discovered:
D:        dungeon_sprint_fedhas [sprint_temple]

Skill      XL: |  1  2  3  4  5  6 |
---------------+-------------------+-----
Dodging        | 2 3 4 5 7 |  7.9
Stealth        | 7 9 12 13 15 18 | 18.8
Fighting       | 2 3 4 |  4.8
Throwing       | 3 4 |  4.8
Short Blades   | 3 4 |  4.5
Evocations     | 2 4 |  4.8

Action                   |  1- 3 |  4- 6 |  7- 9 || total
-------------------------+-------+-------+-------++-------
Melee: Dagger            |     3 |     8 |    92 ||   103
Throw: Dart              |     7 |       |       ||     7
 Abil: Evoke Invisibilit |       |     4 |       ||     4
  Use: Potion            |       |       |     1 ||     1
 Stab: Sleeping          |     3 |     7 |     1 ||    11
Armor: Robe              |       |       |     1 ||     1
Dodge: Dodged            |     1 |     1 |    12 ||    14
